Description

TvP 2 base mech all-in at 7:15 6-8 Tanks, 2 Thors, 12-16 hellbats.

VOD

https://www.youtube.com/watch?v=bvKn810Mq3E&feature=youtu.be&t=1s

Replay - 2020-05-14 - (P)Eastredd VS (T)Awers

Build Order

Get SALT Encoding   

  12  0:00  SCV  
  13  0:12  SCV  
  14  0:17  Supply Depot  
  14  0:25  SCV  
  15  0:29  Refinery  
  15  0:38  SCV  
  16  0:44  Barracks  
  16  0:50  SCV  
  17  1:03  SCV  
  18  1:15  SCV  
  19  1:31  Reaper, Orbital Command  
  20  1:43  Command Center  
  20  1:56  Factory  
  20  1:58  SCV  
  21  2:07  Barracks Reactor  
  21  2:08  Refinery  
  21  2:11  SCV  
  22  2:17  Supply Depot  
  22  2:26  SCV  
  24  2:47  Hellion x2, Factory  
  29  3:05  Orbital Command  
  30  3:09  Hellion x2  
  34  3:13  Barracks Tech Lab  
  35  3:28  Refinery  
  37  3:41  Siege Tank  
  37  3:44  Factory Tech Lab, Factory  
  42  3:52  Supply Depot  
  42  4:05  Siege Tank  
  43  4:15  Siege Tank  
  43  4:21  Refinery  
  45  4:34  Armory  
  45  4:35  Hellion  
  51  4:38  Supply Depot  
  51  4:43  Siege Tank  
  54  4:56  Barracks Reactor  
  54  4:57  Factory  
  54  5:02  Supply Depot  
  58  5:23  Terran Vehicle Weapons Level 1  
  58  5:24  Thor  
  69  5:35  Hellion x2  
  69  5:40  Thor  
  75  5:49  Hellion x2  
  79  6:01  Hellion  
  79  6:03  Infernal Pre-Igniter  
  83  6:08  Siege Tank  
  86  6:25  Siege Tank  
  97  6:42  Siege Tank  
  106  7:13  Siege Tank x2  
  116  7:43  Command Center  
  100  7:59  Siege Tank  
Spawning Tool Build Advisor. Get it on Overwolf

Go to:

Details

  • Created by: LioNs_GaTe_
  • Published on: Aug 19, 2020
  • Modified on: Aug 19, 2020
  • Patch: 4.11.0
  • Difficulty: Medium
Show
View Real Time Build Order
Export as new Build Order

Comments (3)

On Dec. 18, 2020, 2:09 a.m., Terradin  said:

I love this style, anyone else still playing this?
Send me a message!

On Aug. 22, 2020, 7:13 a.m., LioNs_GaTe_  said:

Yeah, it can work on all levels, but depends on the situation.

On Aug. 22, 2020, 7:07 a.m., Rambage  said:

I kill 5500 prottos with this build.

Create an account to comment!